 Dungeon Crawl Stone Soup version 0.25-a0-479-g8579842fd4 (webtiles) character file.

Game seed: 3703250768819819453, levelgen mode: deterministic

1019 Kohma the Gusty (level 8, -1/62 HPs)
             Began as a Grey Draconian Air Elementalist on Feb 9, 2020.
             Slain by Duvessa
             ... wielding a +2 vampiric short sword
              (8 damage)
             ... on level 5 of the Dungeon.
             The game lasted 00:15:09 (5316 turns).

Kohma the Gusty (Grey Draconian Air Elementalist)   Turns: 5316, Time: 00:15:09

Health: -1/62      AC: 11    Str: 15    XL:     8   Next: 2%
Magic:  0/14       EV: 12    Int: 20    God:
Gold:   141        SH:  0    Dex: 16    Spells: 3/15 levels left

rFire    . . .     SeeInvis .   s - +2 falchion (holy)
rCold    . . .     Gourm    .   (no shield)
rNeg     . . .     Faith    .   (armour unavailable)
rPois    .         Spirit   .   (helmet restricted)
rElec    .         Reflect  .   (no cloak)
rCorr    .         Harm     .   (no gloves)
MR       .....                  (no boots)
Stlth    ++........             (no amulet)
HPRegen  0.20/turn              h - +3 ring of intelligence
MPRegen  0.14/turn              e - +3 ring of dexterity

@: mighty, very slightly contaminated
A: walk through water, unfitting armour, unbreathing, cold-blooded, AC +11
a: no special abilities


You were on level 5 of the Dungeon.
You were not hungry.

You visited 1 branch of the dungeon, and saw 5 of its levels.

You collected 141 gold pieces.

Inventory:

Hand Weapons
 s - a +2 falchion of holy wrath (weapon)
Missiles
 f - 11 poisoned darts (quivered)
 r - 5 boomerangs of dispersal
Jewellery
 e - a +3 ring of dexterity (right hand)
 h - a +3 ring of intelligence (left hand)
Scrolls
 g - 3 scrolls of teleportation
 q - a scroll of magic mapping
Potions
 d - a potion of agility
 i - a potion of lignification {unknown}
 j - a potion of cancellation {unknown}
 k - a potion of heal wounds {unknown}
 l - a potion of flight {unknown}
 m - 2 potions of curing
 o - a potion of mutation {unknown}
 p - a potion of ambrosia {unknown}
Comestibles
 b - 7 rations


   Skills:
 + Level 2.9 Fighting
 * Level 4.0 Long Blades
 - Level 1.7 Dodging
 - Level 1.7 Stealth
 + Level 4.1 Spellcasting
 - Level 3.5 Conjurations
 - Level 1.0 Charms
 - Level 5.0 Air Magic


You had 3 spell levels left.
You knew the following spells:

 Your Spells              Type           Power        Failure   Level  Hunger
a - Shock                 Conj/Air       ###.         2%          1    None
b - Swiftness             Chrm/Air       ###.....     5%          2    #......
c - Airstrike             Air            ###.......   16%         4    ####...
d - Lightning Bolt        Conj/Air       ###.......   52%         5    ######.

Your spell library contained the following spells:

 Spells                   Type           Power        Failure   Level  Hunger
 Static Discharge         Conj/Air       ###.....     7%          3    ###....


Dungeon Overview and Level Annotations

Branches:
Dungeon (5/15)
 Temple: D:4-7

Altars:
Dithmenos
Elyvilon
Hepliaklqana
Wu Jian

Annotations:
D:5 Dowan, Duvessa


Innate Abilities, Weirdness & Mutations

You can walk through water.
Your dull iron-grey scales are very hard. (AC +11)
You cannot fit into any form of body armour.
You can survive without breathing.
You are cold-blooded and may be slowed by cold attacks.


Message History

Press: ? - help, Shift-Dir - straight line, f/p - Duvessa
Aim: Duvessa, wielding a +2 vampiric short sword and wearing a +0 ring mail (severely wounded, berserk, fast, unusually strong)
The zap hits Duvessa.
Duvessa is severely wounded.
The zap hits Dowan.
Dowan is heavily wounded.
Duvessa hits you with a +2 vampiric short sword.
* * * LOW HITPOINT WARNING * * *
Duvessa draws strength from your wounds!
Dowan points at Duvessa and mumbles some strange words.
Duvessa seems to speed up.
Duvessa barely misses you.
You riposte.
You closely miss Duvessa.
Duvessa is severely wounded.
You feel very mighty all of a sudden.
Duvessa hits you with a +2 vampiric short sword!
* * * LOW HITPOINT WARNING * * *
You closely miss Duvessa. You tail-slap Duvessa.
Duvessa is severely wounded.
Duvessa hits you with a +2 vampiric short sword!
You die...

#.......#.######.. ...
#....(#........... #..
##...###.#######.. ...
##### #.# +# #.# #.# ...
#.# ###.# .... ##.#
##.#.# .....
.#.#########....###......
................@ee†.....
.#.####.####....###......
#.# #[# ###...# ..... #.#
#.# #..)..# .... #.#
#.###.##.## ... #.#
#........# +# #.#
#####.#### ##.# #.# ...#
#.#


You could see Duvessa (berserk) and Dowan.

Vanquished Creatures
  Sigmund (D:3)
  3 ogres (D:4)
  A hound (D:4)
  A jelly (D:5)
  An orc priest (D:4)
  A centaur skeleton (D:4)
  Jessica (D:2)
  3 orc wizards (D:4)
  5 worker ants
  Natasha (thrice) (D:2)
  Terence (D:2)
  11 adders
  An ooze (D:4)
  2 worms
  2 dart slugs
  3 leopard geckos
  8 orcs
  3 giant cockroaches
  8 hobgoblins
  4 jackals (D:1)
  5 kobolds (D:2)
  2 quokkas
  6 bats
  7 frilled lizards
  2 goblins
  4 rats
89 creatures vanquished.

Vanquished Creatures (others)
  An orc (D:4)
1 creature vanquished.

Grand Total: 90 creatures vanquished

Notes
Turn   | Place    | Note
-------+----------+-------------------------------------------
     0 | D:1      | Kohma the Draconian Air Elementalist began the quest for
                  | the Orb.
     0 | D:1      | Reached XP level 1. HP: 14/14 MP: 3/3
   222 | D:1      | You fall into a shaft and drop 1 floor!
   224 | D:2      | Reached XP level 2. HP: 20/20 MP: 1/5
   281 | D:2      | Found a hazy altar of Hepliaklqana.
   341 | D:2      | Noticed Terence
   349 | D:2      | Killed Terence
   349 | D:2      | Reached XP level 3. HP: 17/26 MP: 0/6
   416 | D:2      | Learned a level 2 spell: Swiftness
   553 | D:2      | Noticed Jessica
   568 | D:2      | Killed Jessica
   568 | D:2      | Reached skill level 4 in Air Magic
   744 | D:2      | Reached XP level 4. HP: 33/33 MP: 2/7
  1029 | D:2      | Found a shadowy altar of Dithmenos.
  1099 | D:2      | Learned a level 4 spell: Airstrike
  1119 | D:2      | Reached skill level 1 in Charms
  1454 | D:2      | Found an ornate altar of the Wu Jian Council.
  1481 | D:2      | Noticed Natasha
  1495 | D:2      | Killed Natasha
  1495 | D:2      | Reached XP level 5. HP: 16/38 MP: 1/9
  1687 | D:2      | Found an ornate altar of the Wu Jian Council.
  1741 | D:2      | Found a shadowy altar of Dithmenos.
  1802 | D:2      | Noticed Natasha
  1807 | D:2      | Killed Natasha
  1864 | D:2      | Noticed Natasha
  1875 | D:2      | Found a hazy altar of Hepliaklqana.
  1882 | D:2      | Killed Natasha
  2555 | D:3      | Reached skill level 5 in Air Magic
  2817 | D:3      | Noticed Sigmund
  2836 | D:3      | Killed Sigmund
  2836 | D:3      | Reached XP level 6. HP: 32/45 MP: 1/11
  3509 | D:3      | Learned a level 5 spell: Lightning Bolt
  3536 | D:4      | Reached skill level 6 in Air Magic
  3536 | D:4      | Your scales start taking on a dull iron-grey colour.
  3536 | D:4      | Reduced skill Air Magic to level 4
  3536 | D:4      | Reached XP level 7. HP: 19/50 MP: 1/12
  3536 | D:4      | Gained mutation: You can survive without breathing. [Grey
                  | Draconian growth]
  3603 | D:4      | Reached skill level 5 in Air Magic
  3898 | D:4      | Reached skill level 1 in Fighting
  3898 | D:4      | Reached skill level 1 in Long Blades
  4041 | D:4      | Found a white marble altar of Elyvilon.
  5144 | D:5      | Entered Level 5 of the Dungeon
  5277 | D:5      | Reached XP level 8. HP: 55/62 MP: 14/14
  5299 | D:5      | Noticed Duvessa
  5299 | D:5      | Noticed Dowan
  5316 | D:5      | Slain by Duvessa

Levels and vault maps discovered:
D:1:      dpeg_arrival_boxorama, layout_rooms, chequers_serial_rivers_micro_e
D:2:      layout_loops_ring, old_standard_altar,
          nicolae_dithmenos_shadow_blocks, lemuel_round_altar, uniq_natasha,
          uniq_terence, uniq_jessica
D:3:      layout_basic, first_ration, uniq_sigmund
D:4:      layout_loops_ring, lemuel_coloured_pillars_altar, lemuel_old_faithful
D:5:      layout_loops_corners, lemuel_doored_altar,
          nicolae_qazlal_eye_of_the_storm, nemelex_xobeh_ov_fountains_minmay,
          overflow_temple_1_default, uniq_duvessa

Skill      XL: |  1  2  3  4  5  6  7 |
---------------+----------------------+-----
Conjurations   | 2 3 |  3.5
Air Magic      | 4 5 4 5 |  5.0
Charms         | 1 |  1.0
Spellcasting   | 3 4 |  4.1
Fighting       | 2 |  2.9
Long Blades    | 4 |  4.0
Dodging        | |  1.7
Stealth        | |  1.7

Action                   |  1- 3 |  4- 6 |  7- 9 || total
-------------------------+-------+-------+-------++-------
Melee: Hand axe          |    16 |       |       ||    16
       Tailslap          |     2 |     8 |    10 ||    20
       Dagger            |    22 |    48 |       ||    70
       Falchion          |       |    16 |    63 ||    79
 Cast: Shock             |    25 |   121 |    20 ||   166
       Swiftness         |       |     1 |     1 ||     2
       Airstrike         |       |       |    15 ||    15
  Use: Scroll            |       |       |     8 ||     8
       Potion            |       |       |     1 ||     1
 Stab: Sleeping          |     1 |       |     3 ||     4
  Eat: Chunk             |       |     8 |     6 ||    14
       Ration            |       |       |     1 ||     1
Armor: Skin              |    17 |    34 |    35 ||    86
Dodge: Dodged            |    42 |    63 |    57 ||   162
       Rpst.: Falchion   |       |     5 |    20 ||    25

Table legend:
 A = Non-vault XP
 B = Vault XP
 C = Vault XP percentage of total XP
 D = Non-vault monster count
 E = Vault monster count
 F = Vault count percentage of total count
                 A         B        C        D         E       F
            +---------+---------+-------+---------+---------+-------
      Total |    1110 |     346 |  23.8 |      85 |       4 |   4.5
            +---------+---------+-------+---------+---------+-------
        D:1 |      11 |       0 |   0.0 |       6 |       0 |   0.0
        D:2 |     165 |     104 |  38.7 |      24 |       3 |  11.1
        D:3 |     116 |     242 |  67.6 |      28 |       1 |   3.4
        D:4 |     737 |       0 |   0.0 |      24 |       0 |   0.0
        D:5 |      81 |       0 |   0.0 |       3 |       0 |   0.0
            +---------+---------+-------+---------+---------+-------
